 Dungeon Crawl Stone Soup version 0.27-a0-1548-gf8a67e7463 (webtiles) character file.

Game seed: 1448648195903091767

738 flotson the Sneak (level 7, -1/37 HPs)
             Began as a Vine Stalker Delver on July 13, 2021.
             Slain by a scorpion (6 damage)
             ... on level 5 of the Dungeon.
             The game lasted 00:06:20 (3246 turns).

flotson the Sneak (Vine Stalker Delver)             Turns: 3246, Time: 00:06:21

Health: -1/37      AC:  5    Str: 16    XL:     7   Next: 75%
Magic:  0/8        EV: 13    Int: 16    God:
Gold:   150        SH:  0    Dex: 16    Spells: 6/6 levels left

rFire    . . .     SeeInvis .   a - +0 hand axe (elec)
rCold    . . .     Faith    .   (no shield)
rNeg     . . .     Spirit   +   s - +0 leather armour
rPois    .         Reflect  .   (no helmet)
rElec    .         Harm     .   u - +0 cloak
rCorr    .         Rampage  .   l - +0 pair of gloves
Will     .....                  (no boots)
Stlth    +++.......             (no amulet)
HPRegen  1.12/turn              f - +6 ring of intelligence
MPRegen  0.11/turn              (no ring)

@: lethally poisoned (-1 -> -2)
A: fangs 2, regeneration 1, magic shield, antimagic bite, no potion heal 2
a: no special abilities


You were on level 5 of the Dungeon.
You visited 1 branch of the dungeon, and saw 5 of its levels.

You collected 150 gold pieces.

Inventory:

Hand Weapons
 a - a +0 hand axe of electrocution (weapon)
 b - a +4 spear
Missiles
 d - 5 boomerangs
 e - 3 atropa-tipped darts (quivered)
 k - 2 throwing nets
Armour
 l - a +0 pair of gloves (worn)
 s - a +0 leather armour (worn)
 u - a +0 cloak (worn)
Jewellery
 f - a +6 ring of intelligence (left hand)
 h - a ring of ice
Wands
 g - a wand of digging (3)
 j - a wand of polymorph (8)
 t - a wand of flame (15)
 x - a wand of charming (5)
Scrolls
 c - a scroll of fog
 i - 6 scrolls of identify {unknown}
 n - 2 scrolls of noise {unknown}
 p - a scroll of immolation {unknown}
 q - a scroll of blinking {unknown}
 v - 4 scrolls of teleportation {unknown}
Potions
 m - a potion of attraction {unknown}
 o - a potion of haste
 r - 2 potions of might
 w - a potion of curing {unknown}
 z - a potion of cancellation {unknown}


   Skills:
 + Level 4.0 Fighting
 + Level 3.5 Axes
 + Level 2.7 Throwing
 + Level 2.4 Armour
 + Level 3.2 Dodging
 - Level 6.0 Stealth
 + Level 2.8 Evocations


You had 6 spell levels left.
You didn't know any spells.
Your spell library contained the following spells:

 Spells                   Type           Power      Damage    Failure   Level
 Dazzling Flash           Conj/Hex       0%         N/A       65%         3
 Agony                    Necr           0%         N/A       100%        5
 Silence                  Hex/Air        0%         N/A       100%        5


Dungeon Overview and Level Annotations

Branches:
Dungeon (5/15)
 Temple: D:4-7

Altars:


Innate Abilities, Weirdness & Mutations

You have extremely sharp teeth.
Your natural rate of healing is unusually fast.
When hurt, damage is shared between your health and your magic reserves.
Your bite disrupts and absorbs the magic of your enemies.
Potions cannot restore your health.


Message History

You bite the scorpion, but do no damage.
The scorpion is lightly wounded.
The scorpion closely misses you.
You hit the scorpion but do no damage. Lightning courses through the scorpion!
You bite the scorpion, but do no damage.
The scorpion is almost dead.
The scorpion stings you.
You are poisoned.
The scorpion poisons you! The scorpion misses you.
You hit the scorpion but do no damage.
The scorpion is almost dead.
You feel very sick. The scorpion stings you.
You closely miss the scorpion.
You bite the scorpion, but do no damage.
The scorpion is almost dead.
You feel sick. The scorpion stings you.
You are more poisoned.
The scorpion poisons you!
You barely miss the scorpion. Your bite misses the scorpion.
The scorpion is almost dead.
You feel very sick. The scorpion barely misses you. The scorpion stings you.
You are too injured to fight recklessly!
You are too injured to fight recklessly!
You are too injured to fight recklessly!
You are too injured to fight recklessly!
You are too injured to fight recklessly!
You closely miss the scorpion.
You bite the scorpion, but do no damage.
The scorpion is almost dead.
You feel very sick. The scorpion stings you.
* * * LOW HITPOINT WARNING * * *
You hit the scorpion but do no damage. Your bite misses the scorpion.
The scorpion is almost dead.
You feel sick. The scorpion stings you.
* * * LOW HITPOINT WARNING * * *
The scorpion stings you.
You die...

.#..###.......!#*,,,*≈≈≈≈≈*
....# ##..#..###....#≈⌠,⌠≈*
.##.####..#..###....#≈,_,≈*
######....#*........#≈⌠,⌠≈*
####.#..###*#.......#≈≈,≈≈*
##.....o.# #..(....##*+***
........### #........##.*
.#.##..<..###...s.......*
.###.@##........@...)##**
.....####.............#
##....................#
##.................####
....................#
....(...............#
.........##..#....###
..........#..#....#
.........#........#


You could see a scorpion.

Vanquished Creatures
  Sigmund (D:5)
  A black bear (D:4)
  An ogre (D:4)
  A scorpion (D:4)
  A water moccasin skeleton (D:4)
  A bullfrog zombie (D:5)
  Crazy Yiuf (D:2)
  An orc priest (D:3)
  2 iguanas
  Ijyb (D:4)
  A howler monkey skeleton (D:4)
  3 adders (D:3)
  A shadow imp (D:4)
  A worm (D:2)
  A dart slug (D:3)
  13 orcs
  8 ball pythons
  4 endoplasms
  3 giant cockroaches
  3 goblins
  4 hobgoblins
  4 jackals (D:1)
  4 quokkas
  A bat (D:1)
  2 frilled lizards (D:1)
  A kobold (D:3)
  A rat (D:2)
66 creatures vanquished.

Notes
Turn   | Place    | Note
-------+----------+-------------------------------------------
     0 | D:5      | flotson the Vine Stalker Delver began the quest for the
                  | Orb.
     0 | D:5      | Reached XP level 1. HP: 11/11 MP: 2/2
     2 | D:5      | Noticed an ogre
    69 | D:5      | Noticed Sigmund
    74 | D:4      | Noticed an iguana
    98 | D:4      | Reached XP level 2. HP: 15/16 MP: 3/3
   105 | D:4      | Noticed a black bear
   679 | D:1      | Reached XP level 3. HP: 18/19 MP: 4/4
   920 | D:1      | Found a faded altar of an unknown god.
  1379 | D:2      | Found a runed translucent door.
  1380 | D:2      | Noticed Crazy Yiuf
  1926 | D:2      | Killed Crazy Yiuf
  1927 | D:2      | Reached skill level 1 in Throwing
  1927 | D:2      | Reached skill level 1 in Armour
  1927 | D:2      | Reached skill level 1 in Evocations
  1927 | D:2      | Gained mutation: Your natural rate of healing is unusually
                  | fast. [Vine Stalker growth]
  1927 | D:2      | Reached XP level 4. HP: 11/24 MP: 5/5
  2079 | D:3      | Reached XP level 5. HP: 28/28 MP: 6/6
  2760 | D:4      | Noticed Ijyb
  2772 | D:4      | Killed Ijyb
  2964 | D:4      | Killed a black bear
  2965 | D:4      | Reached XP level 6. HP: 15/32 MP: 2/7
  3049 | D:4      | Reached XP level 7. HP: 37/37 MP: 6/8
  3153 | D:4      | You fall into a shaft and drop 1 floor!
  3185 | D:5      | Killed Sigmund
  3246 | D:5      | Slain by a scorpion

Illustrated notes

Levels and vault maps discovered:
D:1:      sevenhm_arrival_forest_fort_large_4, layout_rooms,
          dreamdust_ecumenical_altar_hidden_monk_grotto, grunt_decor_fettered,
          chequers_serial_rivers_small_b
D:2:      layout_basic, uniq_crazy_yiuf_cottage
D:3:      layout_basic
D:4:      layout_loops_ring, pf_just_have_faith, serial_glass, glass_columns_b,
          glass_columns_a, glass_columns_b, glass_columns_b, glass_columns_b,
          glass_columns_a, glass_columns_a, glass_columns_b, glass_columns_a,
          glass_columns_b, uniq_ijyb
D:5:      layout_cave_pools, kennysheep_little_box, uniq_prince_ribbit1,
          uniq_sigmund

Skill      XL: |  1  2  3  4  5  6  7 |
---------------+----------------------+-----
Axes           | 2 3 |  3.5
Dodging        | 2 3 |  3.2
Fighting       | 3 4 |  4.0
Throwing       | 1 2 |  2.7
Armour         | 1 2 |  2.4
Evocations     | 1 2 |  2.8
Stealth        | |  6.0

Action                   |  1- 3 |  4- 6 |  7- 9 || total
-------------------------+-------+-------+-------++-------
Melee: Hand axe          |    10 |    70 |    32 ||   112
       Bite              |    27 |    27 |    14 ||    68
       Short sword       |    82 |       |       ||    82
       Quarterstaff      |       |    19 |       ||    19
Throw: Boomerang         |     1 |       |       ||     1
       Dart              |     1 |     5 |     3 ||     9
  Use: Scroll            |     2 |       |       ||     2
       Potion            |     1 |       |       ||     1
 Stab: Sleeping          |     5 |     1 |     2 ||     8
       Invisible         |     1 |       |       ||     1
       Distracted        |       |     1 |       ||     1
Armor: Leather armour    |    29 |    24 |     5 ||    58
Dodge: Dodged            |    56 |    50 |    16 ||   122

Table legend: (Time is in decaauts)
 A = Elapsed time spent in this place.
 B = Non-inter-level travel time spent in this place.
 C = Inter-level travel time spent in this place.
 D = Time resting spent in this place.
 E = Time spent auto-exploring this place.
 F = Levels seen in this place.
 G = Mean time per level.
                   A        B        C        D        E       F      G
               +--------+--------+--------+--------+--------+-----+--------+
         Total |   3260 |   3139 |    121 |      2 |   2441 |   5 |  652.0 |
       Dungeon |   3260 |   3139 |    121 |      2 |   2441 |   5 |  652.0 |
               +--------+--------+--------+--------+--------+-----+--------+

Top non-repeatable levels by time:
     D:2: 1069 daAuts
     D:3: 788 daAuts
     D:1: 778 daAuts
     D:4: 456 daAuts
     D:5: 168 daAuts
